 Dungeon Crawl Stone Soup version 0.27.1 (webtiles) character file.

Game seed: 1126098625210587444

88 ZARRMARR the Insei (level 4, -5/28 HPs)
             Began as an Octopode Transmuter on Aug 29, 2021.
             Killed by divine providence
             ... invoked by an orc priest
              (13 damage)
             ... on level 2 of the Dungeon.
             The game lasted 00:08:57 (2517 turns).

ZARRMARR the Insei (Octopode Transmuter)            Turns: 2517, Time: 00:09:01

Health: -5/28      AC:  1    Str:  9    XL:     4   Next: 53%
Magic:  5/7        EV: 13    Int: 16    God:
Gold:   56         SH:  0    Dex: 12    Spells: 7/8 levels left

rFire    . . .     SeeInvis .     - Unarmed
rCold    . . .     Faith    .   (no shield)
rNeg     . . .     Spirit   .   (helmet currently unavailable)
rPois    .         Reflect  .   (no amulet)
rElec    .         Harm     .   (no ring)
rCorr    .         Rampage  .   (no ring)
Will     .....                  (no ring)
Stlth    +++.......             (no ring)
HPRegen  0.09/turn              (no ring)
MPRegen  0.10/turn              (no ring)
                                (no ring)
                                (no ring)

@: appendages (expiring), very slightly contaminated
A: tentacle spike 3, almost no armour, amphibious, 8 rings, camouflage 1,
gelatinous body 1, (nimble swimmer 1), tentacles
a: End Transformation


You were on level 2 of the Dungeon.
One of your tentacles had grown a beastly spike.
You visited 1 branch of the dungeon, and saw 2 of its levels.

You collected 56 gold pieces.

Inventory:

Potions
 c - a potion of attraction
 d - a potion of magic {unknown}


   Skills:
 + Level 1.0 Fighting
 + Level 2.2 Dodging
 + Level 1.2 Stealth
 + Level 4.3 Unarmed Combat
 + Level 2.6 Spellcasting
 + Level 2.2 Transmutations
 * Level 0.3 Poison Magic


You had 7 spell levels left.
You knew the following spells:

 Your Spells              Type           Power      Damage    Failure   Level
a - Beastly Appendage     Tmut           18%        N/A       8%          1

Your spell library contained the following spells:

 Spells                   Type           Power      Damage    Failure   Level
 Wereblood                Tmut           9%         N/A       12%         2
 Spider Form              Tmut/Pois      3%         N/A       34%         3
 Gell's Gravitas          Tloc           1%         N/A       52%         3
 Lesser Beckoning         Tloc           1%         N/A       52%         3
 Teleport Other           Tloc           2%         N/A       52%         3
 Ice Form                 Ice/Tmut       5%         N/A       77%         4


Dungeon Overview and Level Annotations

Branches:
Dungeon (2/15)

Altars:


Innate Abilities, Weirdness & Mutations

One of your tentacles has grown a beastly spike.
You cannot wear most types of armour.
You are amphibious.
You can wear up to eight rings at the same time.
Your skin changes colour to match your surroundings (Stealth+).
Your rubbery body absorbs attacks. (AC +1, EV +1)
((You are camouflaged near water. (Stealth+)))
You have tentacles for arms and can constrict up to eight enemies at once.


Message History

Your kobold dies!
Your kobold's corpse dissolves into shadows!
The orc hits your gnoll with a +0 hand axe.
Your tentacle spike disappears.
Your gnoll hits the orc from afar with a +0 spear!
The orc dies!
Your gnoll hits the orc with a +0 club. You barely miss the orc.
You grab the orc.
The orc is almost dead.
You constrict the orc, but do no damage.
The bat barely misses your gnoll.
Your gnoll hits the orc but does no damage.
The bat hits your gnoll. The orc hits you with a +0 hand axe.
* * * LOW HITPOINT WARNING * * *
The orc barely misses your gnoll.
The orc hits your gnoll but does no damage.
Casting: Beastly Appendage (safe; 9% risk of failure)
Confirm with . or Enter, or press ? or * to list all spells.
You miscast Beastly Appendage.
You are very lightly contaminated with residual magic.
Nothing appears to happen.
You constrict the orc, but do no damage.
The bat closely misses your gnoll.
The bat hits your gnoll but does no damage.
Your gnoll hits the orc with a +0 club.
The orc dies!
Your gnoll hits the bat with a +0 spear!
The bat dies!
Casting: Beastly Appendage (safe; 8% risk of failure)
Confirm with . or Enter, or press ? or * to list all spells.
One of your tentacles grows a vicious spike.
An orc priest comes into view. It is wielding a +0 club.
A dart slug comes into view.
You closely miss the hobgoblin.
The orc priest shouts!
Your grab misses the hobgoblin.
You pierce the hobgoblin.
You kill the hobgoblin!
The orc priest mumbles some strange prayers to Beogh against you.
Beogh smites you!
You die...

... ...(#
...♣♣♣♣♣..w.#...#
............#..># ...
#...........#...# ..# ...
##....?....##...# ..# #..
.###..o)..##....# ..# #.#
#..####'###.....# ..# #.#
#..##.g)#.).....# ..# #.#
#..##.g@..).....# ..# #.#
#..#########....#
..###.####..##########.#.#
.........................#
.#########..##########.###
.# ##..# #.# .# ###...####
#.#
.######........#######.#
.........####....<.....#


You could see an orc priest, a dart slug and 2 friendly gnolls.

Vanquished Creatures
  3 gnolls (D:2)
  3 dart slugs
  5 endoplasms
  3 giant cockroaches
  2 goblins
  3 hobgoblins
  6 jackals
  3 quokkas
  5 ball pythons (D:1)
  5 bats
  2 frilled lizards (D:1)
  4 kobolds (D:1)
  3 rats
47 creatures vanquished.

Vanquished Creatures (collateral kills)
  2 orcs (D:2)
  A bat (D:2)
3 creatures vanquished.

Grand Total: 50 creatures vanquished

Notes
Turn   | Place    | Note
-------+----------+-------------------------------------------
     0 | D:1      | ZARRMARR the Octopode Transmuter began the quest for the
                  | Orb.
     0 | D:1      | Reached XP level 1. HP: 13/13 MP: 3/3
    61 | D:1      | Reached XP level 2. HP: 7/18 MP: 5/5
  1269 | D:1      | Reached XP level 3. HP: 22/23 MP: 4/6
  1507 | D:1      | Reached skill level 1 in Stealth
  2377 | D:2      | Reached skill level 4 in Unarmed Combat
  2377 | D:2      | Reached XP level 4. HP: 18/28 MP: 7/7
  2517 | D:2      | Killed from afar by an orc priest

Illustrated notes

Levels and vault maps discovered:
D:1:      wander_arrival_abandoned_jail, layout_basic
D:2:      layout_loops_ring, minmay_misc_feat_iff, kennysheep_potato

Skill      XL: |  1  2  3 |
---------------+----------+-----
Stealth        | 1 |  1.2
Unarmed Combat | 4 |  4.3
Fighting       | |  1.0
Dodging        | |  2.2
Spellcasting   | |  2.6
Transmutations | |  2.2
Poison Magic   | |  0.3

Action                   |  1- 3 |  4- 6 || total
-------------------------+-------+-------++-------
Melee: Unarmed           |    95 |    12 ||   107
       Kick              |    24 |     2 ||    26
       Constrict         |    25 |     4 ||    29
       Tentacles         |     8 |     1 ||     9
       Punch             |     3 |     1 ||     4
 Cast: Beastly Appendage |    26 |     2 ||    28
  Use: Scroll            |     3 |     1 ||     4
       Potion            |       |     1 ||     1
 Stab: Sleeping          |     9 |       ||     9
Armor: Skin              |     7 |       ||     7
Dodge: Dodged            |    50 |    10 ||    60
